Map: Void Training Stage 1

Players

Pain - Winner!

  • Race: Terran Terran
  • Spawn Location: 5:00

Player 2

  • Race: Protoss Protoss
  • Spawn Location: 11:00

VOD

Have the link to the VOD?

Description

Time

  • Played on: Jan. 2, 2017, 6:12 p.m.
  • Length: 14:40
Show
View Real Time Build Order
Export as new Build Order

Pain Terran - Winner!

Build Orders:  

Get SALT Encoding   

  12  0:06  SCV  
  13  0:15  Refinery  
  13  0:20  SCV  
  14  0:27  Supply Depot  
  14  0:34  SCV  
  15  0:43  Refinery  
  15  0:49  SCV  
  16  0:59  Supply Depot  
  16  1:09  Barracks  
  16  1:12  SCV  
  17  1:24  SCV  
  18  1:33  Supply Depot  
  18  1:36  SCV  
  19  1:48  SCV  
  20  2:01  SCV  
  21  2:04  Marine  
  22  2:13  SCV  
  23  2:21  Marine  
  24  2:25  SCV  
  25  2:39  Marine  
  25  2:42  SCV  
  27  3:12  Orbital Command  
  27  3:16  Command Center  
  27  3:19  Barracks Tech Lab  
  27  3:42  Barracks  
  27  3:43  Marine  
  27  3:47  Combat Shields  
  28  3:57  SCV  
  28  4:01  Marine  
  30  4:09  SCV  
  31  4:18  Marine  
  32  4:41  SCV  
  33  4:45  Marine  
  33  4:51  Reaper  
  35  4:53  SCV  
  36  5:03  Marine  
  36  5:05  SCV  
  38  5:09  Supply Depot  
  38  5:18  SCV  
  38  5:21  Marine  
  39  5:22  Refinery  
  39  5:24  Refinery  
  40  5:30  SCV  
  41  5:37  SCV  
  41  5:39  Marine  
  43  5:43  Reaper  
  43  5:48  SCV  
  43  5:49  SCV  
  46  6:00  SCV  
  46  6:01  SCV  
  47  6:12  SCV  
  48  6:24  SCV  
  49  6:56  SCV  
  50  7:08  SCV  
  50  7:10  Marine  
  50  7:11  Marine  
  53  7:20  SCV  
  54  7:28  Marine  
  54  7:29  Marine  
  56  7:31  Supply Depot  
  56  7:32  SCV  
  55  7:45  SCV  
  55  7:47  Marine  
  57  8:00  Marine  
  57  8:01  Supply Depot  
  57  8:05  Marine  
  59  8:18  Marine  
  60  8:22  Marine  
  61  8:46  Command Center  
  61  9:07  Marine  
  61  9:08  Marine  
  63  9:10  Barracks  
  63  9:25  Marine x2  
  65  9:39  Supply Depot  
  65  9:42  Marine  
  65  9:44  Marauder  
  68  10:00  Marine  
  68  10:05  Marauder  
  71  10:10  Barracks Reactor  
  71  10:18  Marine  
  71  10:21  Refinery  
  72  10:23  Refinery  
  72  10:27  Marauder, Supply Depot  
  74  10:36  Marine  
  75  10:46  SCV  
  75  10:48  Marauder  
  78  10:50  Orbital Command  
  78  10:54  Marine  
  78  10:56  Marine x2  
  81  10:59  SCV  
  82  11:09  Marauder  
  82  11:11  SCV, Marine  
  85  11:14  Marine x2  
  88  11:23  SCV  
  89  11:29  Marine  
  89  11:31  Marauder, Marine  
  89  11:32  Marine  
  94  11:35  SCV  
  95  11:41  Supply Depot  
  95  11:44  Supply Depot  
  95  11:49  Marine x2  
  95  11:52  Marauder  
  95  11:53  Marine  
  100  12:07  Marine x2  
  102  12:11  Marine  
  102  12:13  Barracks, Marauder  
  105  12:18  SCV  
  106  12:25  Marine x2  
  106  12:29  Marine  
  109  12:30  SCV, Supply Depot  
  109  12:35  Marauder  
  112  12:43  SCV, Marine x2  
  115  12:46  Marine  
  116  12:55  SCV  
  116  12:56  Marauder  
  119  13:04  Marine  
  120  13:07  SCV  
  120  13:11  Supply Depot  
  121  13:17  Supply Depot  
  121  13:18  Marauder  
  121  13:19  SCV  
  124  13:22  Marine  
  125  13:28  Barracks  
  125  13:33  SCV  
  126  13:39  Marauder  
  126  13:40  Marine  
  129  13:45  SCV, Supply Depot  
  130  14:00  Marauder  
Show
View Real Time Build Order
Export as new Build Order

Player 2 Protoss 

Build Orders:  

Get SALT Encoding   

  12  0:01  Probe (Chrono Boost)  
  13  0:11  Probe (Chrono Boost)  
  14  0:20  Pylon  
  14  0:35  Assimilator  
  14  0:42  Gateway  
  14  0:46  Pylon  
  14  1:12  Assimilator  
  15  1:26  Probe (Chrono Boost)  
  15  1:29  Zealot  
  15  1:31  Cybernetics Core  
  17  1:37  Probe (Chrono Boost)  
  18  1:48  Probe (Chrono Boost)  
  19  1:56  Warp Gate  
  19  1:59  Probe (Chrono Boost)  
  20  2:10  Probe (Chrono Boost)  
  21  2:21  Probe (Chrono Boost)  
  22  2:35  Stalker  
  24  6:56  Probe (Chrono Boost)  
  24  6:58  Pylon  
  25  7:07  Probe (Chrono Boost)  
  26  7:13  Nexus  
  26  7:17  Probe (Chrono Boost)  
  27  7:28  Probe (Chrono Boost)  
  28  7:41  Zealot  
  26  8:25  Probe (Chrono Boost)  
  27  8:32  Probe (Chrono Boost)  
  27  8:34  Assimilator  
  28  8:37  Stalker  
  28  8:40  Probe (Chrono Boost)  
  31  8:47  Probe (Chrono Boost)  
  32  8:49  Assimilator  
  32  8:55  Probe (Chrono Boost)  
  33  9:01  Probe (Chrono Boost)  
  34  9:08  Probe (Chrono Boost)  
  35  9:15  Probe (Chrono Boost)  
  36  9:22  Probe (Chrono Boost)  
  37  9:30  Probe (Chrono Boost)  
  38  9:37  Probe (Chrono Boost)  
  39  9:44  Probe (Chrono Boost)  
  40  9:51  Probe (Chrono Boost)  
  41  9:58  Probe (Chrono Boost)  
  42  10:05  Probe (Chrono Boost)  
  43  10:12  Probe (Chrono Boost)  
  44  10:19  Pylon  
  44  10:25  Probe (Chrono Boost)  
  44  12:30  Zealot  
  46  12:42  Gateway  
  44  12:58  Sentry  
  44  13:12  Nexus, Pylon  
  44  13:26  Stalker  
  45  13:53  Zealot  
  41  13:58  Gateway  
  36  14:08  Probe (Chrono Boost)  
  30  14:19  Probe (Chrono Boost)  
  30  14:21  Sentry  
  33  14:24  Probe (Chrono Boost)  
  27  14:33  Pylon  
Tags
 
Matchup
PvT
Replay Pack
RP
Spawn Locations
Cross Positions
Add a new tag
Caveats
  • Supply blocks, unpowered buildings, or Contaminate may cause inaccurate times.
  • Supply counts are checked every 10 seconds.